 Dungeon Crawl Stone Soup version 0.01-2161-g8ec87df2bd (webtiles) character file.

Game seed: 14047205551622998621, levelgen mode: deterministic

67 Lanoc the Whippersnapper (level 3, 0/25 HPs) Lignifite Demonspawn. Began on July 2, 2020. Slain by Terence ... wielding a +0 hammer (10 damage) ... on level 2 of the Dungeon. The game lasted 00:01:40 (802 turns).

Lanoc the Whippersnapper (Lignifite Demonspawn)      Turns: 802, Time: 00:01:41

Health: 0/25       AC:  1    Str: 19    XL:     3 ^: 1
Magic:  7/7        EV: 17    Int: 13    God:
Gold:   62         SH:  2    Dex:  8    Spells: 5/6 levels left

rFire    x . .     Vision   .   a - +0 flail
rCold    . . .     Gourm    .   (weapon restricted)
rNeg     . . .     Faith    .   b - +0 robe
rPois    +         Spirit   .   (helmet restricted)
rElec    .         Reflect  .   (no cloak)
rCorr    .         Harm     .   (gloves unavailable)
MR       .....                  (boots unavailable)
Stlth    ++........             (no amulet)
HPRegen  0.18/turn              (no ring)
MPRegen  0.17/turn              (no ring)

@: quick
A: very small, rF-, antennae 1, deformed body, speed 1, poison resistance, slow
metabolism 1, torment resistance, plant, rot immunity
a: no special abilities


You were on level 2 of the Dungeon.
You were not hungry.

You visited 1 branch of the dungeon, and saw 2 of its levels.

You collected 62 gold pieces.

Inventory:

Weapons
 a - a +0 flail (weapon)
Armour
 b - a +0 robe (worn)
Scrolls
 e - a scroll of immolation
 g - a scroll of enchantment
 h - a scroll of fog
Potions
 c - a potion of heal wounds
 f - 2 potions of curing
Comestibles
 d - 2 rations


   Skills:
 + Level 2.5 Fighting
 * Level 3.5 Whips & Flails
 + Level 3.1 Dodging
 - Level 1.7 Stealth
 - Level 2.1 Spellcasting
   Level 3.0 Invocations


You had 5 spell levels left.
You knew the following spells:

 Your Spells              Type           Power        Failure   Level  Hunger
a - Flame Tongue          Fire           1 (40)       26%         1    ##.....

Your spell library contained the following spells:

 Spells                   Type           Power        Failure   Level  Hunger
 Blink                    Tloc           N/A          36%         2    ###....
 Call Imp                 Summ           1 (100)      36%         2    ###....
 Slow                     Hex            1 (100)      36%         2    ###....
 Conjure Flame            Fire           1 (100)      58%         3    ####...
 Mephitic Cloud           Pois/Air       1 (100)      58%         3    ####...


Dungeon Overview and Level Annotations

Branches:
Dungeon (2/8)

Altars:

Annotations:
D:2 Terence


Innate Abilities, Weirdness & Mutations

Your woody flesh burns easily. (rF-)
A tangle of shorter branches protects your body from attack. (+2 SH)
You are very small and have problems with some larger weapons.
You are too small for most types of armour.
You have a pair of small antennae on your head.
Armour fits poorly on your strangely shaped body.
You cover ground quickly.
Your system is resistant to poisons. (rPois)
You have a slow metabolism.
You are immune to unholy pain and torment.
You require very little carbon dioxide to survive.
You are immune to rotting.


Message History

You hit Terence (5).
Terence is moderately wounded. (12/18) HP You hit Terence but do no damage.
Terence is moderately wounded. (12/18) HP The bat misses you (0).
Terence hits you with a +0 hammer (11)!
You hit Terence but do no damage.
Terence is moderately wounded. (12/18) HP You hit Terence (1).
Terence is moderately wounded. (11/18) HP The bat closely misses you (0).
Terence says, "Don't bother to defend, it's pointless."
Terence hits you with a +0 hammer (3).
You barely miss Terence. You closely miss Terence.
The bat barely misses you (0). Terence hits you with a +0 hammer (2).
You hit Terence (2).
Terence is heavily wounded. (9/18) HP You hit Terence but do no damage.
Terence is heavily wounded. (9/18) HP The bat misses you (0).
Terence hits you with a +0 hammer (10)!
You die...

##.≈ ≈≈≈PP
##.P≈≈≈≈Pb..
##.P≈≈≈≈≈..≈
##.P≈≈≈...≈≈
##.P≈≈..≈≈≈≈
##.Pb≈.≈≈≈≈≈
##<.≈≈≈≈≈≈≈≈
##.≈≈≈≈≈≈≈≈≈
##..@@≈≈≈≈≈≈
############


You could see Terence and a bat.

Vanquished Creatures
  4 cinder newts (D:1)
  A dart slug (D:1)
  2 leopard geckos (D:1)
  3 bats (D:1)
  2 giant cockroaches (D:1)
  7 goblins (D:1)
  6 hobgoblins (D:1)
  6 kobolds (D:1)
  3 rats (D:1)
34 creatures vanquished.

Vanquished Creatures (others)
  2 withered plants (D:2)
2 creatures vanquished.

Grand Total: 36 creatures vanquished

Notes
Turn   | Place    | Note
-------+----------+-------------------------------------------
     0 | D:1      | Lanoc the Lignifite Demonspawn began the quest for the Orb.
     0 | D:1      | Reached XP level 1. HP: 12/12 MP: 4/4
   170 | D:1      | Gained mutation: You have a pair of small antennae on your
                  | head. [demonic ancestry]
   170 | D:1      | Reached XP level 2. HP: 17/19 MP: 6/6
   314 | D:1      | Reached XP level 3. HP: 18/25 MP: 7/7
   792 | D:2      | Noticed Terence
   802 | D:2      | Slain by Terence

Levels and vault maps discovered:
D:1:      mrwooster_arrival_statue_3, layout_loops_cross, first_ration
D:2:      layout_sewer, xom_teletrap_fun, kennysheep_mini, basic_altar,
          uniq_purgy, uniq_terence, uniq_blork_the_orc

Skill      XL: |  1  2  3 |
---------------+----------+-----
Whips & Flails | 3 |  3.5
Dodging        | 3 |  3.1
Fighting       | |  2.5
Stealth        | |  1.7
Spellcasting   | |  2.1
Invocations    | |  3.0

Action                   || total
-------------------------++-------
Melee: Flail             ||   101
       Unarmed           ||    72
 Stab: Sleeping          ||     2
Armor: Robe              ||     7
Dodge: Dodged            ||   117
Block: Other             ||     5
